 Dungeon Crawl Stone Soup version 0.27-a0-1299-g1ab19c6527 (webtiles) character file.

Game seed: 13358735873596713992

980 OTErs the Slasher (level 7, -1/55 HPs)
             Began as a Demonspawn Abyssal Knight on June 16, 2021.
             Was a Believer of Lugonu.
             Slain by an orc warrior (7 damage)
             ... on level 5 of the Dungeon on June 17, 2021.
             The game lasted 00:21:47 (6205 turns).

OTErs the Slasher (Demonspawn Abyssal Knight)       Turns: 6205, Time: 00:21:47

Health: -1/55      AC: 18    Str: 13    XL:     7   Next: 96%
Magic:  8/8        EV: 12    Int: 14    God:    Lugonu [**....]
Gold:   239        SH:  0    Dex: 13    Spells: 6/6 levels left

rFire    . . .     SeeInvis .   a - +1 falchion
rCold    . . .     Faith    .   (no shield)
rNeg     . . .     Spirit   .   f - +0 plate armour
rPois    .         Reflect  .   (helmet restricted)
rElec    .         Harm     .   q - +0 cloak
rCorr    .         Rampage  .   n - +0 pair of gloves
Will     .....                  (no boots)
Stlth    ..........             v - amulet of the acrobat
HPRegen  0.18/turn              i - +4 ring of protection
MPRegen  0.11/turn              c - ring of flight

@: agile, flying
A: antennae 2, repulsion field 2, powered by pain 1
a: Renounce Religion, Depart the Abyss, Bend Space


You were on level 5 of the Dungeon.
You worshipped Lugonu.
Lugonu was pleased with you.
You visited 1 branch of the dungeon, and saw 6 of its levels.
You visited the Abyss 1 time.

You collected 239 gold pieces.

Inventory:

Hand Weapons
 a - a +1 falchion (weapon)
Missiles
 g - 28 poisoned darts (quivered)
Armour
 f - a +0 plate armour (worn)
 n - a +0 pair of gloves (worn)
 q - a +0 cloak (worn)
Jewellery
 c - a ring of flight (right hand)
 e - a ring of positive energy
 i - a +4 ring of protection (left hand)
 j - a ring of protection from fire
 v - an amulet of the acrobat (around neck)
Wands
 s - a wand of flame (11)
Scrolls
 d - a scroll of teleportation
 p - a scroll of blinking {unknown}
 r - a scroll of acquirement {unknown}
 t - a scroll of summoning {unknown}
Potions
 b - a potion of haste
 h - 2 potions of flight
 l - 2 potions of attraction
 o - 2 potions of heal wounds {unknown}


   Skills:
 + Level 4.8 Fighting
 + Level 5.6 Long Blades
 + Level 1.2 Throwing
 + Level 5.2 Armour
 + Level 1.3 Dodging
 + Level 0.2 Stealth
 + Level 2.4 Invocations


You had 6 spell levels left.
You didn't know any spells.
Your spell library contained the following spells:

 Spells                   Type           Power      Damage    Failure   Level
 Animate Skeleton         Necr           0%         N/A       100%        1
 Apportation              Tloc           0%         N/A       100%        1
 Beastly Appendage        Tmut           0%         N/A       100%        1
 Corona                   Hex            0%         N/A       100%        1
 Summon Small Mammal      Summ           0%         N/A       100%        1
 Wereblood                Tmut           0%         N/A       100%        2
 Spider Form              Tmut/Pois      0%         N/A       100%        3
 Ice Form                 Ice/Tmut       0%         N/A       100%        4
 Bolt of Magma            Conj/Fire/Erth 0%         4d4       100%        5
 Iskenderun's Battlesphe  Conj           0%         2d6       100%        5
 Iron Shot                Conj/Erth      0%         9d1       100%        6
 Orb of Destruction       Conj           0%         N/A       100%        7
 Spellforged Servitor     Conj/Summ      0%         N/A       100%        7


Dungeon Overview and Level Annotations

Branches:
Dungeon (6/15)             Temple (0/1) D:4

Altars:
Hepliaklqana

Annotations:
D:5 Sigmund


Innate Abilities, Weirdness & Mutations

You have a pair of antennae on your head.
You are surrounded by a moderate repulsion field. (EV +3)
You sometimes gain a little power by taking damage.


Message History

The orc hits you with a +0 flail. The orc warrior barely misses you.
You slash the orc!
You kill the orc!
Lugonu accepts your kill.
The orc warrior hits you with a +0 short sword!
* * * LOW HITPOINT WARNING * * *
Things that are here:
a +0 flail; an orc corpse Your plate armour prevents you from hitting the orc warrior.
The orc warrior barely misses you.
You hit the orc warrior.
The orc warrior is lightly wounded.
The orc warrior barely misses you.
You closely miss the orc warrior.
The orc warrior is lightly wounded.
The orc warrior hits you with a +0 short sword!
* * * LOW HITPOINT WARNING * * *
You focus on the pain.
You feel more agile all of a sudden.
Your plate armour prevents you from hitting the orc warrior.
The orc warrior is lightly wounded.
The orc warrior hits you but does no damage.
Okay, then.
Okay, then.
You hit the orc warrior but do no damage.
The orc warrior is lightly wounded.
The orc warrior closely misses you.
You riposte.
You hit the orc warrior but do no damage.
The orc warrior is lightly wounded.
You hit the orc warrior but do no damage.
The orc warrior is lightly wounded.
The orc warrior hits you but does no damage.
Okay, then.
You hit the orc warrior but do no damage.
The orc warrior is lightly wounded.
The orc warrior hits you but does no damage.
You barely miss the orc warrior.
The orc warrior is lightly wounded.
The orc warrior hits you with a +0 short sword!
You die...

.##......# #.#.##
..##.###.# #.#.#
.....# #.# #.#>#
.##### #.# #.#)# .#
#.# #.#.# .# #.#
#.#.# .#
###.######.#.# .#
#..........#o# ###
#.#........@.#
..####.############
#......# ..######
###


You could see an orc warrior.

Vanquished Creatures
  A black bear (D:5)
  An ice beast (D:5)
  An ogre (D:5)
  A centaur (D:5)
  A phantom (D:5)
  A scorpion (D:4)
  A water moccasin zombie (D:3)
  A water moccasin skeleton (D:4)
  A hound (D:5)
  A bullfrog skeleton (D:5)
  A scorpion zombie (D:5)
  Natasha (twice) (D:2)
  3 iguanas
  An orc wizard (D:4)
  3 hound skeletons
  6 adders
  A white imp (D:5)
  An adder skeleton (D:5)
  A worm (D:3)
  3 dart slugs
  3 orcs (D:5)
  8 ball pythons
  3 endoplasms (D:4)
  3 giant cockroaches
  3 goblins
  2 hobgoblins
  2 jackals (D:3)
  9 kobolds
  6 quokkas
  4 bats
  2 frilled lizards
  4 rats
81 creatures vanquished.

Notes
Turn   | Place    | Note
-------+----------+-------------------------------------------
     0 | Abyss:1  | OTErs the Demonspawn Abyssal Knight began the quest for the
                  | Orb.
     0 | Abyss:1  | Reached XP level 1. HP: 18/18 MP: 2/2
   139 | Abyss:1  | Noticed a small abomination
   167 | D:1      | Escaped the Abyss
   469 | D:1      | Found a faded altar of an unknown god.
   516 | D:1      | Gained mutation: You sometimes gain a little power by
                  | taking damage. [demonic ancestry]
   516 | D:1      | Reached XP level 2. HP: 24/24 MP: 3/3
   576 | D:1      | Reached * piety under Lugonu
   738 | D:1      | Reached skill level 1 in Dodging
  1273 | D:2      | Gained mutation: You are surrounded by a mild repulsion
                  | field. (EV +2) [demonic ancestry]
  1273 | D:2      | Reached XP level 3. HP: 24/29 MP: 4/4
  2258 | D:2      | Gained mutation: You have a pair of small antennae on your
                  | head. [demonic ancestry]
  2258 | D:2      | Reached XP level 4. HP: 37/37 MP: 5/5
  2357 | D:2      | Noticed Natasha
  2369 | D:2      | Killed Natasha
  2593 | D:2      | Noticed Natasha
  2605 | D:2      | Killed Natasha
  3049 | D:3      | Gained mutation: You are surrounded by a moderate repulsion
                  | field. (EV +3) [demonic ancestry]
  3049 | D:3      | Reached XP level 5. HP: 28/42 MP: 6/6
  3938 | D:4      | Found a staircase to the Ecumenical Temple.
  3958 | D:4      | Reached ** piety under Lugonu
  3959 | D:4      | Reached XP level 6. HP: 34/48 MP: 7/7
  4637 | D:5      | Entered Level 5 of the Dungeon
  4792 | D:5      | Found a hazy altar of Hepliaklqana.
  4904 | D:5      | Gained mutation: You have a pair of antennae on your head.
                  | [demonic ancestry]
  4904 | D:5      | Reached XP level 7. HP: 45/55 MP: 8/8
  5300 | D:5      | Reached skill level 5 in Long Blades
  5300 | D:5      | Reached skill level 5 in Armour
  5574 | D:5      | Reached skill level 1 in Throwing
  5954 | D:6      | Noticed Sigmund
  6205 | D:5      | Slain by an orc warrior

Illustrated notes

Levels and vault maps discovered:
D:1:      erik_arrival_blinker_ship, layout_basic,
          shapermc_ecumenical_altar_totnotflames
D:2:      layout_basic, uniq_natasha
D:3:      layout_rooms, corexii_hall_statues_x, minmay_misc_feat_alley,
          minmay_hedge_maze
D:4:      layout_basic, minmay_temple_entry_glass, minmay_diced_spiral
D:5:      layout_loops_ring, lemuel_crystal_altar, grunt_ministairs_14
D:6:      layout_basic, eino_small_chamber_without_monster, uniq_sigmund,
          uniq_eustachio

Skill      XL: |  1  2  3  4  5  6  7 |
---------------+----------------------+-----
Long Blades    | 2 3 4 5 |  5.6
Dodging        | 1 |  1.3
Armour         | 2 3 4 5 |  5.2
Fighting       | 4 |  4.8
Throwing       | 1 |  1.2
Stealth        | |  0.2
Invocations    | |  2.4

Action                   |  1- 3 |  4- 6 |  7- 9 || total
-------------------------+-------+-------+-------++-------
Melee: Falchion          |   138 |   219 |   122 ||   479
Throw: Dart              |       |    13 |    11 ||    24
Invok: Depart the Abyss  |     1 |       |       ||     1
  Use: Scroll            |     2 |     4 |     2 ||     8
       Potion            |       |     1 |     1 ||     2
Armor: Chain mail        |    24 |       |       ||    24
       Plate armour      |    97 |   136 |   109 ||   342
Dodge: Dodged            |    38 |    64 |    57 ||   159
       Rpst.: Falchion   |    14 |    23 |    11 ||    48

Table legend: (Time is in decaauts)
 A = Elapsed time spent in this place.
 B = Non-inter-level travel time spent in this place.
 C = Inter-level travel time spent in this place.
 D = Time resting spent in this place.
 E = Time spent auto-exploring this place.
 F = Levels seen in this place.
 G = Mean time per level.
                   A        B        C        D        E       F      G
               +--------+--------+--------+--------+--------+-----+--------+
         Total |   6264 |   6114 |    150 |    137 |   4899 |   7 |  894.9 |
       Dungeon |   6097 |   5947 |    150 |    137 |   4784 |   6 | 1016.2 |
         Abyss |    167 |    167 |      0 |      0 |    115 |   1 |  167.0 |
               +--------+--------+--------+--------+--------+-----+--------+

Top non-repeatable levels by time:
     D:5: 1564 daAuts
     D:2: 1528 daAuts
     D:4: 1132 daAuts
     D:1: 1084 daAuts
     D:3: 774 daAuts
 Abyss:1: 167 daAuts
     D:6: 13 daAuts
